 Dungeon Crawl Stone Soup version 0.23-a0-419-g0174fd8 (webtiles) character file.

2415 XanderDroid the Basher (level 9, -2/56 HPs)
             Began as a Gargoyle Fighter on Nov 11, 2018.
             Was a Follower of Okawaru.
             Slain by a two-headed ogre
             ... wielding a +0 giant club
              (11 damage)
             ... on level 7 of the Dungeon on Nov 12, 2018.
             The game lasted 00:36:24 (9455 turns).

XanderDroid the Basher (Gargoyle Fighter)           Turns: 9455, Time: 00:36:25

Health: -2/56      AC: 21    Str: 22    XL:     9   Next: 47%
Magic:  9/11       EV:  8    Int:  9    God:    Okawaru [*.....]
Gold:   275        SH: 12    Dex: 10    Spells: 8/8 levels left

rFire    . . .     SeeInvis .   a - +1 flail
rCold    . . .     Gourm    .   c - +0 shield
rNeg     + . .     Faith    .   x - +0 plate armour
rPois    ∞         Spirit   .   (no helmet)
rElec    +         Reflect  .   (no cloak)
rCorr    .         Harm     .   (no gloves)
MR       .....                  (no boots)
Stlth    ..........             (no amulet)
HPRegen  0.18/turn              (no ring)
MPRegen  0.12/turn              (no ring)

@: heroism
A: negative energy resistance 1, electricity resistance, unbreathing,
petrification resistance, rot immunity, AC +6
a: Heroism, Renounce Religion


You were on level 7 of the Dungeon.
You worshipped Okawaru.
Okawaru was aware of your devotion.
You were not hungry.

You visited 2 branches of the dungeon, and saw 9 of its levels.

You collected 275 gold pieces.

Inventory:

Hand Weapons
 a - a +1 flail (weapon)
Missiles
 u - 37 bolts
Armour
 c - a +0 shield (worn)
 x - a +0 plate armour (worn)
Wands
 w - a wand of acid (8)
Scrolls
 b - 2 scrolls of enchant weapon
 i - 2 scrolls of enchant armour
 l - 2 scrolls of fear
 o - 2 scrolls of remove curse
 r - a scroll of teleportation
Potions
 d - a potion of might
 e - a potion of heal wounds
 g - 4 potions of curing
 h - 3 potions of agility
 j - a potion of mutation {unknown}
 k - a potion of resistance
 p - a potion of flight {unknown}
 q - a potion of cancellation {unknown}
Comestibles
 f - 7 rations


   Skills:
 + Level 6.7(11.7) Fighting
 * Level 8.0(13.0) Maces & Flails
 + Level 6.7(11.7) Armour
 + Level 6.7(11.7) Shields
 - Level 3.0 Invocations


You had 8 spell levels left.
You didn't know any spells.
Your spell library was empty.

Dungeon Overview and Level Annotations

Branches:
Dungeon (8/15)             Temple (1/1) D:6
   Lair: D:8-11

Altars:
Ashenzari
Cheibriados
Dithmenos
Elyvilon
Fedhas
Gozag
Hepliaklqana
Kikubaaqudgha
Makhleb
Nemelex Xobeh
Okawaru
Qazlal
Ru
Sif Muna
Trog
Uskayaw
Vehumet
Wu Jian
Xom
Yredelemnul
Zin
The Shining One

Annotations:
D:3 exclusion: oklob plant


Innate Abilities, Weirdness & Mutations

You are resistant to torment.
Your stone body is resilient. (AC +6)
You are immune to poison.
You resist negative energy. (rN+)
You are resistant to electric shocks. (rElec)
You can survive without breathing.
You are immune to petrification.
You are immune to rotting.


Message History

Your Invocations skill increases to level 3!
The two-headed ogre hits you with a +0 giant club.
The two-headed ogre hits you but does no damage.
You hit the two-headed ogre.
The two-headed ogre is lightly wounded.
Your plate armour prevents you from hitting the two-headed ogre.
The two-headed ogre is lightly wounded.
The two-headed ogre hits you but does no damage.
The two-headed ogre completely misses you.
Your plate armour prevents you from hitting the two-headed ogre.
The two-headed ogre is lightly wounded.
You thump the two-headed ogre!
The two-headed ogre is heavily wounded.
The two-headed ogre hits you with a +0 giant club!
* * * LOW HITPOINT WARNING * * *
The two-headed ogre barely misses you.
Your plate armour prevents you from hitting the two-headed ogre.
The two-headed ogre is heavily wounded.
The two-headed ogre hits you with a +0 giant club!
You die...

#
#............(.##..............
#
#..........#...##..............
#
#..........#...#########.#.....
#
#..........#...#########.#.....
#..........##.)................
#############.....######.######
#.....######'#####
#..O..#........).#
##@..............#
#.).)#......(...#
#...##..........#
#...##..........##
#...##............
#...##............
#...#########..... #...# #.....
#...# #.....


You could see a two-headed ogre.

Vanquished Creatures
  A hippogriff (D:8)
  A hungry ghost (D:8)
  3 sky beasts
  An orc warrior (D:7)
  A necrophage (D:6)
  2 phantoms
  4 ogres
  A centaur (D:7)
  A bullfrog (D:6)
  2 scorpions
  3 killer bees (D:7)
  2 howler monkeys (D:4)
  2 crimson imps
  2 bullfrog zombies (D:8)
  2 orc priests
  5 orc wizards
  2 iguanas
  A worker ant (D:5)
  A worker ant zombie (D:5)
  13 adders
  4 gnolls (D:6)
  A shadow imp (D:6)
  A white imp (D:4)
  An ooze (D:4)
  4 adder skeletons
  2 worms
  5 dart slugs
  6 leopard geckos
  11 orcs
  7 giant cockroaches
  6 goblins
  10 hobgoblins
  2 jackals (D:8)
  3 kobolds
  A quokka (D:8)
  2 ball python skeletons
  5 bats
  7 frilled lizards
  A giant cockroach zombie (D:5)
  A jackal zombie (D:6)
  A quokka skeleton (D:6)
  A quokka zombie (D:5)
  12 rats
144 creatures vanquished.

Notes
Turn   | Place    | Note
-------+----------+-------------------------------------------
     0 | D:1      | XanderDroid the Gargoyle Fighter began the quest for the
                  | Orb.
     0 | D:1      | Reached XP level 1. HP: 14/14 MP: 1/1
    85 | D:1      | Reached XP level 2. HP: 19/19 MP: 2/2
   319 | D:1      | Reached XP level 3. HP: 23/23 MP: 3/3
   887 | D:1      | Reached skill level 3 in Maces & Flails
  1083 | D:2      | Reached XP level 4. HP: 29/29 MP: 4/4
  1942 | D:3      | Reached XP level 5. HP: 31/33 MP: 5/5
  2300 | D:3      | Found a blossoming altar of Fedhas.
  2311 | D:3      | Noticed an oklob plant
  2686 | D:4      | Reached skill level 4 in Maces & Flails
  2686 | D:4      | Reached XP level 6. HP: 37/38 MP: 6/6
  2740 | D:4      | Found a sparkling altar of Nemelex Xobeh.
  3713 | D:3      | Reached XP level 7. HP: 33/44 MP: 7/7
  3938 | D:4      | Reached skill level 5 in Maces & Flails
  4217 | D:4      | Got a transparent leather armour
  4228 | D:4      | Identified the +2 leather armour of Exclusion {rC+ Str+3}
                  | (You found it on level 4 of the Dungeon)
  4690 | D:5      | Entered Level 5 of the Dungeon
  4707 | D:4      | Reached skill level 5 in Fighting
  4707 | D:4      | Reached skill level 5 in Armour
  4707 | D:4      | Reached skill level 5 in Shields
  5106 | D:5      | Reached XP level 8. HP: 44/49 MP: 8/8
  5334 | D:6      | Reached skill level 6 in Maces & Flails
  5455 | D:6      | Found a sacrificial altar of Ru.
  6114 | D:6      | Found a staircase to the Ecumenical Temple.
  6128 | Temple   | Entered the Ecumenical Temple
  6297 | Temple   | Became a worshipper of Warmaster Okawaru
  6742 | D:6      | Found an ancient bone altar of Kikubaaqudgha.
  6745 | D:6      | Found a blossoming altar of Fedhas.
  7281 | D:7      | Reached skill level 7 in Maces & Flails
  7281 | D:7      | Reached skill level 1 in Invocations
  7532 | D:7      | Identified a scroll of acquirement
  7533 | D:7      | Got a faintly glowing broad axe
  7540 | D:7      | Identified the +4 broad axe of Day {chop, rF- MR+ Int+3
                  | SInv} (You acquired it on level 7 of the Dungeon)
  8045 | D:8      | Noticed a hippogriff
  8104 | D:7      | Reached XP level 9. HP: 14/55 MP: 10/10
  8535 | D:7      | Reached * piety under Okawaru
  9016 | D:8      | Found a hazy altar of Hepliaklqana.
  9016 | D:8      | Found an ornate altar of the Wu Jian Council.
  9090 | D:8      | Noticed a two-headed ogre
  9450 | D:7      | Reached skill level 8 in Maces & Flails
  9455 | D:7      | Slain by a two-headed ogre

Vault maps used:
D:1:      evilmike_arrival_plus
D:3:      tgw_fedhas
D:4:      old_standard_altar, first_ration, grunt_ministairs_2,
          minmay_fire_ice_demons
D:6:      grunt_temple_overflow_growth_and_decay, lemuel_crystal_altar,
          temple_pool_b
D:8:      grunt_temple_overflow_open
Temple:   eino_temple_rhombus

Skill      XL: |  1  2  3  4  5  6  7  8  9 |
---------------+----------------------------+-----
Maces & Flails | 3 4 5 7 8 |  8.0
Shields        | 4 5 6 |  6.7
Fighting       | 4 5 6 |  6.7
Armour         | 4 5 6 |  6.7
Invocations    | 1 3 |  3.0

Action                   |  1- 3 |  4- 6 |  7- 9 || total
-------------------------+-------+-------+-------++-------
Melee: Flail             |   119 |   205 |   478 ||   802
Invok: Heroism           |       |       |     1 ||     1
  Use: Scroll            |       |     6 |    12 ||    18
  Eat: Chunk             |     1 |     6 |    12 ||    19
       Ration            |       |     1 |     4 ||     5
Armor: Scale mail        |    68 |    28 |       ||    96
       Chain mail        |       |   108 |   153 ||   261
       Plate armour      |       |       |   191 ||   191
Dodge: Dodged            |    28 |    54 |   110 ||   192
Block: Shield            |    78 |   112 |   269 ||   459

Table legend:
 A = Non-vault XP
 B = Vault XP
 C = Vault XP percentage of total XP
 D = Non-vault monster count
 E = Vault monster count
 F = Vault count percentage of total count
                 A         B        C        D         E       F
            +---------+---------+-------+---------+---------+-------
      Total |    3375 |      76 |   2.2 |     140 |       4 |   2.8
            +---------+---------+-------+---------+---------+-------
        D:1 |      59 |       0 |   0.0 |      24 |       0 |   0.0
        D:2 |      96 |       0 |   0.0 |      27 |       0 |   0.0
        D:3 |     269 |       0 |   0.0 |      16 |       0 |   0.0
        D:4 |     416 |      76 |  15.4 |      13 |       4 |  23.5
        D:5 |     345 |       0 |   0.0 |      12 |       0 |   0.0
        D:6 |     597 |       0 |   0.0 |      17 |       0 |   0.0
        D:7 |     740 |       0 |   0.0 |      12 |       0 |   0.0
        D:8 |     853 |       0 |   0.0 |      19 |       0 |   0.0
            +---------+---------+-------+---------+---------+-------
